 Dungeon Crawl Stone Soup version 0.18.1-5-g4a78601 (webtiles) character file.

87 tyrsky the Sneak (level 4, 4/22 HPs)
             Began as a Spriggan Hunter on May 11, 2016.
             Quit the game on level 3 of the Dungeon.
             The game lasted 00:06:56 (1363 turns).

tyrsky the Sneak (Spriggan Hunter)                  Turns: 1363, Time: 00:06:57

Health: 4/22       AC:  2    Str:  8    XL:     4   Next: 28%
Magic:  5/5        EV: 18    Int: 12    God:
Gold:   96         SH:  0    Dex: 17    Spells: 0 memorised, 3 levels left

rFire  . . .     SeeInvis +     a - +0 short sword
rCold  . . .     Gourm    .     b - +0 robe
rNeg   . . .     Faith    .     (shield restricted)
rPois  .         Spirit   .     (helmet restricted)
rElec  .         Dismiss  .     (no cloak)
rCorr  .         Reflect  .     (gloves unavailable)
SustAt .         Harm     .     (boots unavailable)
MR     .....                    (no amulet)
Stlth  +++.......               (no ring)
                                (no ring)

@: very quick, not resistant to hostile enchantments, fairly stealthy
A: unfitting armour, see invisible, herbivore 3, speed 3, slow metabolism 2
a: no special abilities


You were on level 3 of the Dungeon.
You were not hungry.

You visited 1 branch of the dungeon, and saw 3 of its levels.

You collected 96 gold pieces.

Inventory:

Hand Weapons
 a - a +0 short sword (weapon)
Missiles
 d - a throwing net (quivered)
 r - 8 silver tomahawks
Armour
 b - a +0 robe (worn)
Jewellery
 o - a +2 ring of protection {unknown}
Scrolls
 e - a scroll of enchant armour {unknown}
 j - 6 scrolls of identify {unknown}
 k - a scroll of random uselessness {unknown}
 l - 3 scrolls of teleportation {unknown}
 n - 3 scrolls of remove curse {unknown}
 p - a scroll of amnesia {unknown}
 q - a scroll of noise {unknown}
Potions
 g - 2 potions of magic {unknown}
 h - 3 potions of curing {unknown}
 i - a potion of lignification {unknown}
 m - a potion of mutation {unknown}
Comestibles
 f - 4 bread rations


   Skills:
 - Level 1.5 Fighting
 + Level 2.9 Short Blades
 - Level 4.0 Throwing
 - Level 3.0 Dodging
 * Level 4.7 Stealth


You had 3 spell levels left.
You didn't know any spells.

Dungeon Overview and Level Annotations

Branches:
Dungeon (3/15)

Altars:


Innate Abilities, Weirdness & Mutations

You are tiny and cannot use many weapons and most armour.
You have supernaturally acute eyesight.
You are a herbivore.
You cover ground extremely quickly.
You need consume almost no food.


Message History

The adder struggles to escape the net.
The adder struggles against the net.
You are too injured to fight recklessly!
The gnoll shouts!
You hit the adder but do no damage.
The adder is severely wounded.
You feel sick.
You are no longer poisoned.
The adder struggles to escape the net.
You hit the adder.
You kill the adder!
You see here a throwing net.
d - a throwing net
Things that are here:
a throwing net; a spear; a gnoll corpse
Things that are here:
a mace; a leather armour Quiver which item? (- for none, * to show all) (? for menu, Esc to quit)
Okay, then.
Are you sure you want to abandon this character and quit the game? (Confirm with "yes".)

#o#####.##.#g.#
#g# #.##.#..#
##.#####.##.#..#
.........##.#..#
.##g#######.#..#
.......รท.....(.#
###.#..(.....#)###
#.#.##.........#
#.#.##.#######@#
#.#.##<# #(#
#.#r##.# #.#
#.#S##.# #.#
#.#.##o# #.#
#.##.# #(#
#(#######.#
#(.(.....(#
##.##..##.#####


There were no monsters in sight!

Vanquished Creatures
  2 gnolls
  3 adders
  3 worms (D:2)
  A giant gecko (D:2)
  3 orcs (D:3)
  2 ball pythons
  2 giant cockroaches (D:2)
  A goblin (D:2)
  A hobgoblin (D:2)
  4 jackals
  A kobold (D:2)
  A bat (D:2)
  4 giant newts
  4 rats
32 creatures vanquished.

Notes
Turn   | Place    | Note
--------------------------------------------------------------
     0 | D:1      | tyrsky the Spriggan Hunter began the quest for the Orb.
     0 | D:1      | Reached XP level 1. HP: 10/10 MP: 2/2
   103 | D:1      | Reached skill level 1 in Short Blades
   112 | D:1      | Reached XP level 2. HP: 10/14 MP: 3/3
   350 | D:2      | Reached XP level 3. HP: 14/18 MP: 4/4
  1281 | D:3      | Reached XP level 4. HP: 22/22 MP: 5/5
  1363 | D:3      | Quit the game

Skill      XL: |  1  2  3 |
---------------+----------+-----
Short Blades   | 2 |  2.9
Stealth        | 2 4 |  4.7
Fighting       | |  1.5
Throwing       | |  4.0
Dodging        | |  3.0

Action                   |  1- 3 |  4- 6 || total
-------------------------+-------+-------++-------
Melee: Short sword       |    71 |    18 ||    89
Throw: Tomahawk          |    44 |     7 ||    51
       Throwing net      |       |     2 ||     2
 Stab: Sleeping          |     6 |       ||     6
Armor: Robe              |     6 |     1 ||     7
Dodge: Dodged            |    48 |    14 ||    62
